 Dungeon Crawl Stone Soup version 0.30.0-5-g1a98f26d00 (webtiles) character file.

Game seed: 124709750042576072

72 monsoonserge the Covert (level 4, -3/23 HPs)
             Began as a Spriggan Delver on May 12, 2023.
             Slain by a centaur zombie (5 damage)
             ... in an ossuary.
             The game lasted 00:03:21 (354 turns).

monsoonserge the Covert (Spriggan Delver)            Turns: 354, Time: 00:03:21

Health: -3/23      AC:  2    Str:  8    XL:     4   Next: 7%
Magic:  5/5        EV: 18    Int: 11    God:
Gold:   10         SH:  0    Dex: 18    Spells: 3/3 levels left

rFire   . . .        a - +0 short sword
rCold   . . .        (no shield)
rNeg    . . .        b - +0 robe
rPois   .            (helmet restricted)
rElec   .            (no cloak)
rCorr   .            (gloves unavailable)
SInv    +            (boots unavailable)
Will    .....        (no amulet)
Stlth   ++++         (no ring)
HPRegen 0.23/turn    (no ring)
MPRegen 0.09/turn

%: no passive effects
@: very quick
A: very small, no large weapons, unfitting armour, see invisible, speed 3
a: no special abilities


You were in an ossuary.
You visited 1 branch of the dungeon, and saw 1 of its levels.
You also visited: Ossuary.

You collected 10 gold pieces.

Inventory:

Hand Weapons
 a - a +0 short sword (weapon)
Missiles
 l - 6 boomerangs (quivered)
Armour
 b - a +0 robe (worn)
 k - the +1 robe of the Tangerine {Harm +Blink rF++ Dex-5}
   (You found it on level 5 of the Dungeon)

   Dex:       It affects your dexterity (-5).
   rF:        It greatly protects you from fire.
   +Blink:    It lets you blink.
   Harm:      It increases damage dealt and taken.
Wands
 g - a wand of digging (3)
Scrolls
 c - a scroll of fog
 d - a scroll of magic mapping
 e - a scroll of fear
Potions
 f - a potion of haste
 h - a potion of curing {unknown}
 i - a potion of might {unknown}
 j - a potion of heal wounds {unknown}


   Skills:
 + Level 2.9 Fighting
 + Level 2.9 Short Blades
 + Level 3.7 Dodging
 - Level 8.0 Stealth


You had 3 spell levels left.
You didn't know any spells.
Your spell library was empty.

Dungeon Overview and Level Annotations

Branches:
Dungeon (5/15)            Ossuary (1/1)
 Temple: D:4-7

Altars:


Innate Abilities, Weirdness & Mutations

You are very small and have problems with some larger weapons.
You are too small for most types of armour.
You have supernaturally acute eyesight. (SInv)
You cover ground extremely quickly. (Speed+++)


Message History

The centaur zombie completely misses you.
The centaur zombie kicks you but does no damage.
The centaur zombie hits you.
* * * LOW HITPOINT WARNING * * *
The centaur zombie closely misses you.
You hit the centaur zombie.
The centaur zombie is moderately damaged.
The goblin zombie misses you. The centaur zombie hits you.
* * * LOW HITPOINT WARNING * * *
The centaur zombie kicks you.
* * * LOW HITPOINT WARNING * * *
Unknown command.
You hit the centaur zombie.
The centaur zombie is moderately damaged.
The centaur zombie barely misses you. The centaur zombie closely misses you.
The goblin zombie misses you.
You hit the centaur zombie.
The centaur zombie is heavily damaged.
The centaur zombie closely misses you. The centaur zombie misses you.
You hit the centaur zombie.
You punch the centaur zombie, but do no damage.
The centaur zombie is severely damaged.
The centaur zombie closely misses you.
The centaur zombie completely misses you.
The goblin zombie hits you but does no damage.
You hit the centaur zombie but do no damage.
The centaur zombie is severely damaged.
The centaur zombie hits you but does no damage.
The centaur zombie barely misses you. The goblin zombie closely misses you.
You hit the centaur zombie.
The centaur zombie is almost destroyed.
The centaur zombie closely misses you. x2
You hit the centaur zombie.
The centaur zombie is almost destroyed.
The centaur zombie misses you. The centaur zombie barely misses you.
The goblin zombie closely misses you.
You hit the centaur zombie but do no damage.
The centaur zombie is almost destroyed.
The centaur zombie hits you.
You die...

#....# # #..#
##..## # #..# #..#
#..# #..# #..#
#..# #..# #..#
#ZZ# #..# #ZZ#
#..# #@.## ##..##
# #...# #....# #
#...# #....# #
#...## ##....## ##
#....###......#+#.
#.................
#.................
##################


You could see 2 goblin zombies, a hobgoblin zombie and a centaur zombie.

Vanquished Creatures
  A jelly (D:5)
  A human zombie (Ossuary)
  An adder zombie (Ossuary)
  A quokka (D:5)
  2 goblin zombies (Ossuary)
  2 hobgoblin zombies (Ossuary)
  5 jackal zombies (Ossuary)
  3 kobold zombies (Ossuary)
  An orc zombie (Ossuary)
  2 quokka zombies (Ossuary)
  A rat zombie (Ossuary)
20 creatures vanquished.

Notes
Turn   | Place    | Note
-------+----------+-------------------------------------------
     0 | D:5      | monsoonserge the Spriggan Delver began the quest for the
                  | Orb.
     0 | D:5      | Reached XP level 1. HP: 11/11 MP: 2/2
    29 | D:5      | Noticed an orc wizard
    43 | D:5      | Noticed a jelly
    46 | D:5      | Killed a jelly
    47 | D:5      | Reached skill level 8 in Stealth
    47 | D:5      | Reached XP level 2. HP: 16/16 MP: 3/3
    47 | D:5      | Reached XP level 3. HP: 19/19 MP: 4/4
   110 | D:5      | Identified the +1 robe of the Tangerine {Harm +Blink rF++
                  | Dex-5}
   185 | D:5      | Noticed a black bear
   191 | D:5      | Found a sand-covered staircase.
   201 | Ossuary  | Entered an ossuary
   345 | Ossuary  | Reached XP level 4. HP: 5/23 MP: 5/5
   347 | Ossuary  | HP: 1/23 [centaur zombie (1)]
   354 | Ossuary  | Slain by a centaur zombie

Illustrated notes

Levels and vault maps discovered:
D:5:      layout_basic, lemuel_tele_altar, grunt_qazlal_sundering,
          nicolae_ossuary_entry_ruins, dk_vineyard_2
Ossuary:  minmay_ossuary_two_tombs

Skill      XL: |  1 |
---------------+----+-----
Dodging        | 3 |  3.7
Stealth        | 8 |  8.0
Fighting       | |  2.9
Short Blades   | |  2.9

Action                     |  1- 3 |  4- 6 || total
---------------------------+-------+-------++-------
  Melee: Short sword       |    73 |    10 ||    83
         Punch             |       |     1 ||     1
   Stab: Sleeping          |     6 |       ||     6
 Armour: Robe              |    10 |     4 ||    14
  Dodge: Dodged            |    73 |    19 ||    92
